 Dungeon Sprint DCSS version 0.31-a0-971-g75a2e9a4b4 (webtiles) character file.

Game seed: 11390191926416294227

5 fozzywoppz the Cudgeller (level 1, -4/19 HPs)
             Began as a Minotaur Gladiator on Oct 28, 2023.
             Slain by a gnoll sergeant
             ... wielding a +4 vampiric trident
              (5 damage)
             ... in the Dungeon (Sprint IX: "|||||||||||||||||||||||||||||").
             The game lasted 00:00:34 (26 turns).

fozzywoppz the Cudgeller (Minotaur Gladiator)         Turns: 26, Time: 00:00:35

Health: -4/19      AC:  3    Str: 18    XL:     1   Next: 66%
Magic:  0/0        EV: 12    Int:  5    God:
Gold:   0          SH:  0    Dex: 11    Spells: 0/0 levels left

rFire   . . .        a - +0 flail
rCold   . . .        (no shield)
rNeg    . . .        b - +0 leather armour
rPois   .            c - +0 hat
rElec   .            (no cloak)
rCorr   .            (no gloves)
SInv    .            (no boots)
Will    .....        (no amulet)
Stlth   +            (no ring)
HPRegen 0.23/turn    (no ring)
MPRegen 0.07/turn

%: no teleportation
@: no status effects
A: horns 2, retaliatory headbutt
a: no special abilities


You were in the Dungeon.
You visited 1 branch

Inventory:

Hand Weapons
 a - a +0 flail (weapon)
Missiles
 d - 3 throwing nets (quivered)
 e - a javelin
Armour
 b - a +0 leather armour (worn)
 c - a +0 hat (worn)
Scrolls
 k - a scroll of blinking
Potions
 f - a potion of curing
 g - a potion of heal wounds
 h - a potion of haste
 i - 2 potions of magic
 j - a potion of berserk rage


   Skills:
 + Level 3.1 Fighting
 + Level 4.1 Maces & Flails
 + Level 2.6 Throwing
 + Level 3.8 Dodging


You couldn't memorise any spells.
You didn't know any spells.
Your spell library was empty.

Dungeon Overview and Level Annotations

Branches:
Dungeon (1/1)

Altars:


Innate Abilities, Weirdness & Mutations

You have a pair of horns on your head.
You reflexively headbutt those who attack you in melee.


Message History

You barely miss the goblin. The goblin hits you but does no damage.
The goblin closely misses you.
You closely miss the goblin. The goblin hits you but does no damage.
You closely miss the goblin. The goblin closely misses you.
You sock the goblin!
You kill the goblin!
The bat hits you but does no damage.
Your Maces & Flails skill increases to level 4!
The bat closely misses you. You furiously retaliate!
You headbutt the bat, but do no damage.
There is an open door to the Dungeon, spattered with blood here.
Items here: )) ††.
You closely miss the bat. The bat hits you but does no damage.
The bat closely misses you. The bat hits you but does no damage.
You closely miss the bat. Your punch misses the bat.
The bat hits you but does no damage. The bat completely misses you.
You hit the bat but do no damage. You headbutt the bat, but do no damage.
The bat barely misses you. The bat hits you.
You barely miss the bat. The bat closely misses you. You furiously retaliate!
You headbutt the bat.
You kill the bat!
Your Fighting skill increases to level 3!
You closely miss the goblin. The goblin closely misses you.
You miss the goblin. You headbutt the goblin.
You kill the goblin!
You see here a +0 club.
You open the door.
A black bear, a dart slug, a white imp, an orc and a gnoll sergeant come into view.
The gnoll sergeant is wielding a +4 vampiric trident.
The white imp shouts, "Turn tail, thou clouted flat-headed cow!"
The orc shouts!
The gnoll sergeant shouts!
The gnoll sergeant barely misses you.
The gnoll sergeant hits you with a +4 vampiric trident!
There is an open door here.
Unknown command.
You completely miss the gnoll sergeant.
The gnoll sergeant hits you with a +4 vampiric trident!
* * * LOW HITPOINT WARNING * * *
The gnoll sergeant hits you with a +4 vampiric trident.
You die... ▓▓▓▓▓▓▓▓▓▓▓▓▓▓▓▓▓▓ +hw5og@....))...<▓ ▓▓▓▓▓▓▓▓▓▓▓▓▓▓▓▓▓▓

You could see a black bear, a gnoll sergeant, a white imp, a dart slug and an orc.

Vanquished Creatures
  A bat (D)
  A frilled lizard (D)
  3 goblins (D)
5 creatures vanquished.

Notes
Turn   | Place    | Note
-------+----------+-------------------------------------------
     0 | D        | fozzywoppz the Minotaur Gladiator began the quest for the
                  | Orb.
     0 | D        | Reached XP level 1. HP: 18/18 MP: 0/0
    12 | D        | Reached skill level 4 in Maces & Flails
    24 | D        | Noticed a black bear
    24 | D        | Noticed a gnoll sergeant
    26 | D        | Slain by a gnoll sergeant

Illustrated notes

Levels and vault maps discovered:
D:        linesprint [early_d, line_temple, items_1, d_10, items_2, lair_1,
          lair_end, items_3, orc_1, orc_end, items_4, d_15, swamp_1, shoals_1,
          snake_1, spider_1, d_20, vaults_1, items_5, swamp_end, shoals_end,
          snake_end, spider_end, vaults_end, d_27, items_6, zot_1, zot_end,
          crypt_end, forest_end, elf_end, slime_end, tomb_end, abyss_end,
          pan_hell_end]

Skill      XL: |  1 |
---------------+----+-----
Maces & Flails | 4 |  4.1
Fighting       | 3 |  3.1
Throwing       | |  2.6
Dodging        | |  3.8

Action                     || total
---------------------------++-------
  Melee: Flail             ||    15
         Headbutt          ||     2
 Armour: Leather armour    ||    10
  Dodge: Dodged            ||    11

Table legend: (Time is in decaauts)
 A = Elapsed time spent in this place.
 B = Non-inter-level travel time spent in this place.
 C = Inter-level travel time spent in this place.
 D = Time resting spent in this place.
 E = Time spent auto-exploring this place.
 F = Levels seen in this place.
 G = Mean time per level.
                   A        B        C        D        E       F      G
               +--------+--------+--------+--------+--------+-----+--------+
         Total |     28 |     28 |      0 |      0 |      0 |   1 |   28.0 |
       Dungeon |     28 |     28 |      0 |      0 |      0 |   1 |   28.0 |
               +--------+--------+--------+--------+--------+-----+--------+

Top non-repeatable levels by time:
       D: 28 daAuts
